 Dungeon Crawl Stone Soup version 0.31-a0-826-ga5cc291a1b (webtiles) character file.

Game seed: 7491114032969386284

338 qw the Shooter (level 6, -6/37 HPs)
             Began as a Gargoyle Hunter on Sept 23, 2023.
             Constricted to death by Ijyb (7 damage)
             ... on level 3 of the Dungeon.
             The game lasted 00:00:47 (1999 turns).

qw the Shooter (Gargoyle Hunter)                    Turns: 1999, Time: 00:00:48

Health: -6/37      AC: 12    Str: 15    XL:     6   Next: 55%
Magic:  6/6        EV:  8    Int:  9    God:
Gold:   208        SH:  0    Dex: 15    Spells: 5/5 levels left

rFire   . . .        Y - +0 shortbow
rCold   . . .        (shield currently unavailable)
rNeg    + . .        a - +0 ring mail
rPois   inf          l - +2 helmet
rElec   +            (no cloak)
rCorr   .            (no gloves)
SInv    .            (no boots)
Will    +....        (no amulet)
Stlth   +            j - ring of willpower
HPRegen 0.26/turn    (no ring)
MPRegen 0.10/turn

%: no passive effects
@: grasped by roots, constricted
A: sickness immunity, AC +4, negative energy resistance 1, electricity
resistance, torment resistance 1, petrification resistance
a: no special abilities


You were on level 3 of the Dungeon.
You visited 1 branch of the dungeon, and saw 3 of its levels.

You collected 208 gold pieces.


Innate Abilities, Weirdness & Mutations

You are immune to sickness and miasma.
Your stone body is resilient. (AC +4)
You are immune to poison.
You resist negative energy. (rN+)
You are resistant to electric shocks. (rElec)
You are resistant to unholy torment.
You are immune to petrification.


   Skills:
 + Level 3.4 Fighting
 - Level 7.1 Ranged Weapons
 - Level 1.0 Armour
 - Level 1.5 Dodging
 - Level 1.1 Stealth


You had 5 spell levels left.
You didn't know any spells.
Your spell library was empty.

Inventory:

Hand Weapons
 Y - a +0 shortbow (weapon)
Armour
 a - a +0 ring mail (worn)
 l - a +2 helmet (worn)
Jewellery
 c - a ring of willpower
 j - a ring of willpower (left hand)
 k - a ring of ice
Scrolls
 b - a scroll of enchant armour {unknown}
Potions
 d - a potion of haste {unknown}
 e - a potion of might {unknown}
 f - a potion of attraction {unknown}
 g - a potion of heal wounds {unknown}
 h - a potion of invisibility {unknown}
 m - a potion of curing

Dungeon Overview and Level Annotations

Branches:
Dungeon (3/15)

Altars:

Annotations:
D:3 Ijyb


Message History

You shoot an arrow. The arrow hits Ijyb.
Ijyb is heavily wounded.
Ijyb screams, "I dance on your bones!" Ijyb closely misses you.
You shoot an arrow. The arrow barely misses Ijyb.
Ijyb hits you but does no damage.
You shoot an arrow. The arrow hits Ijyb but does no damage.
Ijyb is heavily wounded.
Ijyb misses you. Ijyb hits you but does no damage.
You shoot an arrow. The arrow hits Ijyb!
Ijyb is almost dead.
Ijyb zaps a wand.
The roots erupt in riotous growth!
The grasping roots grab you!
Ijyb is unaffected.
The grasping roots constrict you.
You shoot an arrow. The arrow hits Ijyb but does no damage.
Ijyb is almost dead.
Ijyb hits you with a +0 dagger. The grasping roots constrict you.
You shoot an arrow. The arrow hits Ijyb.
Ijyb is almost dead.
The grasping roots constrict you.
The grasping roots release their grip on you.
You shoot an arrow. The arrow hits Ijyb but does no damage.
Ijyb is almost dead.
The hobgoblin hits you but does no damage.
Ijyb barely misses you.
You shoot an arrow. The arrow hits Ijyb but does no damage.
Ijyb is almost dead.
Ijyb closely misses you.
The hobgoblin hits you but does no damage.
You shoot an arrow. The arrow barely misses Ijyb.
Ijyb zaps a wand.
The roots erupt in riotous growth!
The grasping roots grab you!
The hobgoblin is unaffected.
Ijyb is unaffected.
The grasping roots constrict you!
The hobgoblin hits you but does no damage.
Ijyb hits you but does no damage. The grasping roots constrict you.
The hobgoblin closely misses you.
You shoot an arrow. The arrow closely misses Ijyb.
Ijyb hits you but does no damage. The grasping roots constrict you!
You die...

#..........#
#.#.# #
##########.#
#.#.# #.#
#.. #.# #.#
#.# #.# #.#
#@#
......gg#
#########


You could see Ijyb and a hobgoblin.

Vanquished Creatures
  Grinder (D:3)
  Natasha (D:3)
  3 gnolls (D:3)
  5 adders
  A dart slug (D:3)
  An orc (D:3)
  3 bats (D:1)
  5 endoplasms
  A giant cockroach (D:3)
  5 goblins
  4 hobgoblins
  2 jackals (D:1)
  3 kobolds
  A quokka (D:1)
  3 ball pythons
  2 frilled lizards
  7 rats
48 creatures vanquished.

Notes
Turn   | Place    | Note
-------+----------+-------------------------------------------
     0 | D:1      | qw the Gargoyle Hunter began the quest for the Orb.
     0 | D:1      | Reached XP level 1. HP: 12/12 MP: 1/1
     0 | D:1      | 0 ||| qw: Version: 0.3-a-83-gcd0e7d8
     0 | D:1      | 0 ||| qw: Game counter: 1894
     0 | D:1      | 0 ||| qw: Melee chars always use a shield: true
     0 | D:1      | 0 ||| qw: God list: Okawaru
     0 | D:1      | 0 ||| qw: Allow faded altars: false
     0 | D:1      | 0 ||| qw: Do Orc after clearing Dungeon:15 true
     0 | D:1      | 0 ||| qw: Do second Lair branch before Depths: true
     0 | D:1      | 0 ||| qw: Lair rune preference: random
     0 | D:1      | 0 ||| qw: Goals: Normal
     0 | D:1      | 0 ||| PLANNING D:1-11
    70 | D:1      | 70 ||| Stepping ~*~*~tactically~*~*~ (retreating).
    75 | D:1      | Reached XP level 2. HP: 17/17 MP: 2/2
   512 | D:1      | 512 ||| UPGRADING to +0 helmet.
   517 | D:1      | 517 ||| DROPPING +6 ring of intelligence.
   518 | D:1      | 518 ||| READING scroll labelled SOSASI NILAD.
   519 | D:1      | 519 ||| READING scroll labelled ARERAPSYANN.
   520 | D:1      | 520 ||| DROPPING scroll of butterflies.
   607 | D:2      | Reached XP level 3. HP: 21/21 MP: 3/3
   814 | D:2      | Reached skill level 5 in Ranged Weapons
  1168 | D:2      | Found a faded altar of an unknown god.
  1210 | D:2      | 1210 ||| UPGRADING to +0 ring mail.
  1220 | D:2      | 1220 ||| DROPPING +0 leather armour.
  1221 | D:2      | 1221 ||| UPGRADING to +2 helmet.
  1231 | D:2      | 1231 ||| DROPPING +0 helmet.
  1232 | D:2      | 1232 ||| UPGRADING to ring of willpower.
  1233 | D:2      | 1233 ||| READING scroll labelled WEPTUU ROHU.
  1234 | D:2      | 1234 ||| READING scroll labelled VARYEXTELAVOA.
  1237 | D:2      | 1237 ||| READING 3 scrolls labelled ANUR LUTROYMEFFE.
  1238 | D:2      | 1238 ||| DRINKING 2 red potions.
  1239 | D:2      | 1239 ||| DRINKING 2 murky orange potions.
  1240 | D:2      | 1240 ||| DROPPING 2 scrolls of fog.
  1241 | D:2      | 1241 ||| DROPPING potion of brilliance.
  1267 | D:3      | Reached skill level 1 in Armour
  1319 | D:3      | Reached XP level 4. HP: 27/27 MP: 4/4
  1354 | D:3      | 1354 ||| RETREEAATING.
  1361 | D:3      | Reached skill level 3 in Fighting
  1361 | D:3      | 1361 ||| FLEEEEING.
  1362 | D:3      | 1362 ||| FLEEEEING.
  1363 | D:3      | 1363 ||| FLEEEEING.
  1364 | D:3      | 1364 ||| FLEEEEING.
  1371 | D:3      | HP: 5/28 [gnoll/+0 flail (3)]
  1792 | D:3      | Noticed Grinder
  1794 | D:3      | Paralysed by Grinder for 3 turns
  1803 | D:3      | Paralysed by Grinder for 5 turns
  1818 | D:3      | Killed Grinder
  1819 | D:3      | Reached skill level 7 in Ranged Weapons
  1819 | D:3      | Reached XP level 5. HP: 27/32 MP: 5/5
  1819 | D:3      | Reached XP level 6. HP: 31/37 MP: 6/6
  1875 | D:3      | Noticed Natasha
  1878 | D:3      | 1878 ||| RETREEAATING.
  1880 | D:3      | 1880 ||| STILL RETREEAATING.
  1881 | D:3      | 1881 ||| STILL RETREEAATING.
  1882 | D:3      | 1882 ||| STILL RETREEAATING.
  1884 | D:3      | Killed Natasha
  1984 | D:3      | Noticed Ijyb
  1995 | D:3      | HP: 9/37 [constriction (4)]
  1998 | D:3      | HP: 2/37 [constriction (8)]
  1999 | D:3      | Constricted to death by Ijyb

Levels and vault maps discovered:
D:1:      minmay_arrival_three_doors, layout_loops_ring
D:2:      layout_loops_ring, dilly_ecumenical_altar_fadedgnrine,
          dreamdust_princess_bridge, minivault_5
D:3:      layout_basic, uniq_ijyb, uniq_natasha, uniq_grinder

Skill      XL: |  1  2  3  4 |
---------------+-------------+-----
Ranged Weapons | 5 7 |  7.1
Armour         | 1 |  1.0
Fighting       | 3 |  3.4
Dodging        | |  1.5
Stealth        | |  1.1

Action                     |  1- 3 |  4- 6 || total
---------------------------+-------+-------++-------
   Fire: Shortbow          |    72 |    95 ||   167
    Use: Scroll            |     5 |       ||     5
         Potion            |     2 |       ||     2
 Armour: Leather armour    |    12 |       ||    12
         Ring mail         |     2 |    47 ||    49
  Dodge: Dodged            |    21 |    34 ||    55

Table legend:
 A = Non-vault XP
 B = Vault XP
 C = Vault XP percentage of total XP
 D = Non-vault monster count
 E = Vault monster count
 F = Vault count percentage of total count
                 A         B        C        D         E       F
            +---------+---------+-------+---------+---------+-------
      Total |     176 |     307 |  63.6 |      46 |       2 |   4.2
            +---------+---------+-------+---------+---------+-------
        D:1 |      30 |       0 |   0.0 |      19 |       0 |   0.0
        D:2 |      24 |       0 |   0.0 |       8 |       0 |   0.0
        D:3 |     122 |     307 |  71.6 |      19 |       2 |   9.5
            +---------+---------+-------+---------+---------+-------
